 Dungeon Crawl Stone Soup version 0.28-a0-32-g8dfe7f97f6 (webtiles) character file.

Game seed: 15479200132270542352

107 dracfodder the Chopper (level 4, 0/29 HPs)
             Began as a Gargoyle Berserker on July 28, 2021.
             Was a Believer of Trog.
             Slain by a sickly merfolk siren (19 damage)
             ... in a sewer.
             The game lasted 00:05:18 (2425 turns).

dracfodder the Chopper (Gargoyle Berserker)         Turns: 2425, Time: 00:05:18

Health: 0/29       AC: 10    Str: 22    XL:     4   Next: 85%
Magic:  4/4        EV: 10    Int:  7    God:    Trog [**....]
Gold:   65         SH:  0    Dex:  9    Spells: 3/3 levels left

rFire   . . .      SeeInvis .   a - +0 hand axe
rCold   . . .      Faith    .   (no shield)
rNeg    + . .      Spirit   .   e - +0 scale mail
rPois   ∞          Reflect  .   (no helmet)
rElec   +          Harm     .   (no cloak)
rCorr   .          Rampage  .   (no gloves)
Will    .....                   (no boots)
Stlth   ..........              (no amulet)
HPRegen 0.09/turn               (no ring)
MPRegen 0.09/turn               (no ring)

@: mesmerised
A: sickness immunity, AC +3, negative energy resistance 1, electricity
resistance, torment resistance 1, petrification resistance
a: Renounce Religion, Berserk, Trog's Hand


You were in a sewer.
You worshipped Trog.
Trog was pleased with you.
You visited 1 branch of the dungeon, and saw 3 of its levels.
You also visited: Sewer.

You collected 65 gold pieces.

Inventory:

Hand Weapons
 a - a +0 hand axe (weapon)
Missiles
 f - 24 stones
 g - 19 poisoned darts (quivered)
Armour
 e - a +0 scale mail (worn)
Scrolls
 b - a scroll of identify
Potions
 h - a potion of curing


   Skills:
 + Level 3.8 Fighting
 * Level 4.2 Axes
 + Level 0.1 Throwing
 + Level 2.9 Armour
 + Level 1.7 Dodging
 + Level 0.1 Stealth


You had 3 spell levels left.
You didn't know any spells.
Your spell library was empty.

Dungeon Overview and Level Annotations

Branches:
Dungeon (3/15)              Sewer (1/1)

Altars:
Ru


Innate Abilities, Weirdness & Mutations

You are immune to sickness and miasma.
Your stone body is resilient. (AC +3)
You are immune to poison.
You resist negative energy. (rN+)
You are resistant to electric shocks. (rElec)
You are resistant to unholy torment.
You are immune to petrification.


Message History

The adder closely misses you.
You hit the adder.
The adder is severely wounded.
The adder barely misses you.
The sickly merfolk siren chants its luring song.
You closely miss the adder.
The adder is severely wounded.
The adder bites you.
The sickly merfolk siren chants its luring song.
The adder bites you but does no damage.
You hit the adder.
The adder is almost dead.
The sickly merfolk siren closely misses you.
The adder bites you but does no damage.
You hit the adder.
You kill the adder!
Trog accepts your kill. The sickly merfolk siren misses you.
You hit the rat but do no damage. The rat bites you but does no damage.
The sickly merfolk siren chants its luring song.
You hit the rat.
You kill the rat!
Trog accepts your kill.
The sickly merfolk siren chants its luring song. x2
You hit the rat but do no damage. The rat closely misses you.
The sickly merfolk siren chants its luring song.
You hit the rat.
You kill the rat!
Trog accepts your kill.
The sickly merfolk siren chants its luring song.
You hit the rat.
The rat is moderately wounded.
The rat bites you but does no damage.
The sickly merfolk siren chants its luring song.
You hit the rat.
You kill the rat!
Trog accepts your kill.
The sickly merfolk siren hits you from afar with a +0 spear!!
Ouch! That really hurt!
You die...

#####.≈≈≈###
...†.≈≈≈†∩∩#
############
≈≈≈≈≈≈≈≈≈##########
.≈..†≈≈≈≈≈≈≈≈≈≈≈≈≈#
..#############≈≈≈###
### #.#≈≈≈###≈#
#.##m≈≈≈≈≈≈
#.@†....≈≈≈
#######...≈ . .


You could see a sickly merfolk siren (mesmerising).

Vanquished Creatures
  2 adders
  A gnoll (D:1)
  A river rat (Sewer)
  3 worms
  4 dart slugs
  4 bats
  5 endoplasms
  A giant cockroach (Sewer)
  3 goblins
  2 hobgoblins (D:1)
  3 jackals (D:2)
  2 quokkas (D:2)
  5 ball pythons
  5 frilled lizards
  5 kobolds
  13 rats
59 creatures vanquished.

Vanquished Creatures (collateral kills)
  A rat (D:2)
1 creature vanquished.

Grand Total: 60 creatures vanquished

Notes
Turn   | Place    | Note
-------+----------+-------------------------------------------
     0 | D:1      | dracfodder the Gargoyle Berserker began the quest for the
                  | Orb.
     0 | D:1      | Reached XP level 1. HP: 14/14 MP: 1/1
   142 | D:1      | Reached skill level 3 in Axes
   142 | D:1      | Reached XP level 2. HP: 13/19 MP: 2/2
   713 | D:1      | Reached XP level 3. HP: 16/23 MP: 3/3
  1059 | D:1      | Found a faded altar of an unknown god.
  1905 | D:2      | Reached XP level 4. HP: 22/29 MP: 4/4
  2072 | D:3      | Found a sacrificial altar of Ru.
  2125 | D:3      | Found a glowing drain.
  2169 | Sewer    | Entered a sewer
  2262 | Sewer    | Reached ** piety under Trog
  2263 | Sewer    | Reached skill level 4 in Axes
  2425 | Sewer    | Slain by a sickly merfolk siren

Illustrated notes

Levels and vault maps discovered:
D:1:      dpeg_arrival_water_fire, layout_basic,
          shapermc_ecumenical_altar_ellora
D:2:      layout_rooms, serial_park_tiny_pond, minmay_increasing_density
D:3:      layout_basic, mainiacjoe_overflow_chevrons,
          nicolae_overflow_hidden_temple, cheibrodos_sewer_entry_bend,
          minmay_three_crescents
Sewer:    sewer_sea

Skill      XL: |  1  2  3  4 |
---------------+-------------+-----
Axes           | 3 4 |  4.2
Fighting       | |  3.8
Throwing       | |  0.1
Armour         | |  2.9
Dodging        | |  1.7
Stealth        | |  0.1

Action                   |  1- 3 |  4- 6 || total
-------------------------+-------+-------++-------
Melee: Hand axe          |    93 |    96 ||   189
Throw: Dart              |     6 |       ||     6
  Use: Scroll            |       |     3 ||     3
Armor: Animal skin       |     3 |       ||     3
       Scale mail        |    34 |    34 ||    68
Dodge: Dodged            |    63 |    39 ||   102

Table legend: (Time is in decaauts)
 A = Elapsed time spent in this place.
 B = Non-inter-level travel time spent in this place.
 C = Inter-level travel time spent in this place.
 D = Time resting spent in this place.
 E = Time spent auto-exploring this place.
 F = Levels seen in this place.
 G = Mean time per level.
                   A        B        C        D        E       F      G
               +--------+--------+--------+--------+--------+-----+--------+
         Total |   2485 |   2380 |    105 |      0 |   1862 |   4 |  621.2 |
       Dungeon |   2194 |   2089 |    105 |      0 |   1752 |   3 |  731.3 |
         Sewer |    291 |    291 |      0 |      0 |    110 |   1 |  291.0 |
               +--------+--------+--------+--------+--------+-----+--------+

Top non-repeatable levels by time:
     D:1: 1687 daAuts
     D:2: 382 daAuts
   Sewer: 291 daAuts
     D:3: 124 daAuts
